AoeStats
← BalduinoIV--2026

Glade

510577976Analyzed
1v1 RM · 2d ago on Oct 1, 2026· 40m 21s· 2 players
Game mode
Random Map
Map size
Tiny (2 player)
Population
200
Speed
Normal
Resources
Standard
Victory
Conquest
Starting age
Dark Age
Ending age
Imperial Age
RankedLock teamsTeams togetherTeam positionsShared explorationLock speedFull tech treeHidden civsTurbo modeCheats
Victory
Defeat
🇧🇴 Mongols · Bolivia
668
+15
🇦🇷 Tupi · Argentina
649
-15
Moloch
7:59 Loom
11:07 Feudal Age
12:54 Double-Bit Axe
13:35 Champi Runner
15:16 Scale Mail Armor
21:32 Castle Age
20:59 Horse Collar
22:05 Champi Warrior
22:32 Arson
22:07 Pikeman
25:05 Elite Skirmisher
27:05 Bow Saw
27:41 Gold Mining
27:54 Heavy Plow
28:30 Fletching
37:15 Padded Archer Armor
37:11 Bodkin Arrow
41:01 Ballistics
BalduinoIV--2026
3:45 Loom
9:33 Feudal Age
14:38 Forging
16:34 Bloodlines
21:52 Castle Age
20:45 Fletching
22:19 Crossbowman
26:22 Double-Bit Axe
26:19 Horse Collar
31:12 Wheelbarrow
31:22 Ballistics
33:14 Bodkin Arrow
40:01 Imperial Age
39:56 Husbandry
41:20 Conscription
Connection lost

Rejoining the realm…

Still unreachable

The connection could not be restored.

Session expired

The server has moved on; the page needs a fresh start.